 Dungeon Sprint DCSS version 0.27-a0-637-g3a9f0a9c12 (webtiles) character file.

Game seed: 9320379811089057798

24815 mhtbhm the Severer (level 12, -10/130 HPs)
             Began as a Minotaur Fighter on Mar 14, 2021.
             Was the Champion of Trog.
             Killed from afar by a nagaraja (36 damage)
             ... with a bolt of poison
             ... in the Dungeon (Sprint VII: "The Pits").
             The game lasted 00:06:29 (2697 turns).

mhtbhm the Severer (Minotaur Fighter)               Turns: 2697, Time: 00:06:30

Health: -10/130    AC: 23    Str: 26    XL:     12   Next: 84%
Magic:  11/11      EV: 12    Int:  5    God:    Trog [******]
Gold:   47         SH: 16    Dex: 17    Spells: 11/11 levels left

rFire    . . .     SeeInvis .   a - +11 war axe "Arupn" {vorpal, +Inv +Fly Str-2 Dex+6}
rCold    . . .     Faith    .   c - +0 kite shield
rNeg     . . .     Spirit   .   b - +3 plate armour
rPois    .         Reflect  .   (helmet restricted)
rElec    .         Harm     .   g - +0 cloak
rCorr    .         Rampage  .   p - +0 pair of gloves
Will     .....     NoTele   +   (no boots)
Stlth    ..........             (no amulet)
HPRegen  0.31/turn              n - +3 ring of evasion
MPRegen  0.12/turn              o - +3 ring of strength

@: lethally poisoned (-10 -> -26), berserk cooldown, slowed, constricted, very
slow
A: horns 2, retaliatory headbutt
a: Renounce Religion, Evoke Invisibility, Evoke Flight, Berserk, Trog's Hand,
Brothers in Arms


You were in the Dungeon.
You worshipped Trog.
Trog was exalted by your worship.
You visited 1 branch You collected 47 gold pieces.

Inventory:

Hand Weapons
 a - the +11 war axe "Arupn" (weapon) {vorpal, +Inv +Fly Str-2 Dex+6}
   (Trog gifted it to you in the Dungeon)

   It inflicts extra damage upon your enemies.
   It affects your strength (-2).
   It affects your dexterity (+6).
   It lets you turn invisible.
   It lets you fly.
Missiles
 r - a throwing net (quivered)
Armour
 b - a +3 plate armour (worn)
 c - a +0 kite shield (worn)
 g - a +0 cloak (worn)
 p - a +0 pair of gloves (worn)
Jewellery
 j - a ring of protection from cold
 n - a +3 ring of evasion (right hand)
 o - a +3 ring of strength (left hand)
Wands
 q - a wand of polymorph (11)
Scrolls
 l - a scroll of summoning
 s - 3 scrolls of identify
 u - 3 scrolls of blinking
 x - a scroll of fear
 y - 4 scrolls of enchant weapon
 B - 2 scrolls of enchant armour
Potions
 d - 4 potions of might
 e - 5 potions of curing
 f - 14 potions of heal wounds
 h - 4 potions of magic
 i - 7 potions of berserk rage
 k - 2 potions of invisibility
 m - a potion of lignification {unknown}
 z - a potion of mutation
 A - a potion of resistance
Miscellaneous
 v - a lightning rod (2/4)
 w - a box of beasts


   Skills:
 + Level 19.2 Fighting
 + Level 20.1 Axes
 + Level 16.0 Armour
 + Level 8.2 Dodging
 + Level 1.7 Stealth
 + Level 19.4 Shields
 + Level 2.4 Unarmed Combat
 + Level 1.1 Evocations


You had 11 spell levels left.
You didn't know any spells.
Your spell library was empty.

Dungeon Overview and Level Annotations

Branches:
Dungeon (1/1)

Altars:
Ashenzari
Cheibriados
Dithmenos
Elyvilon
Fedhas
Gozag
Hepliaklqana
Kikubaaqudgha
Makhleb
Nemelex Xobeh
Okawaru
Qazlal
Ru
Sif Muna
Trog
Uskayaw
Vehumet
Wu Jian
Xom
Yredelemnul
Zin
The Shining One
Beogh
Jiyva
Lugonu


Innate Abilities, Weirdness & Mutations

You have a pair of horns on your head.
You reflexively headbutt those who attack you in melee.


Message History

Items here: )) ††.
You closely miss the nagaraja.
The nagaraja is lightly wounded.
The nagaraja misses you. You furiously retaliate!
You headbutt the nagaraja. The nagaraja constricts you.
You slash the nagaraja! Your headbutt misses the nagaraja.
The nagaraja is moderately wounded.
You block the nagaraja's attack.
* * * LOW HITPOINT WARNING * * *
The nagaraja constricts you.
You slash the nagaraja!
You headbutt the nagaraja, but do no damage.
The nagaraja is heavily wounded.
The nagaraja hits you but does no damage.
The nagaraja constricts you.
You hit the nagaraja.
You headbutt the nagaraja, but do no damage.
The nagaraja is heavily wounded.
The nagaraja points at you and mumbles some strange words.
The bolt of poison misses you.
* * * LOW HITPOINT WARNING * * *
The nagaraja constricts you!
You slash the nagaraja! You headbutt the nagaraja!
The nagaraja is severely wounded.
You block the nagaraja's attack.
* * * LOW HITPOINT WARNING * * *
The nagaraja constricts you.
You hit the nagaraja. You headbutt the nagaraja.
The nagaraja is almost dead.
The nagaraja spits poison at you.
The splash of poison hits you but does no damage.
You are poisoned.
The nagaraja constricts you.
You hit the nagaraja.
The nagaraja is almost dead.
You feel sick.
The nagaraja points at you and mumbles some strange words.
The bolt of poison hits you!!!
You are more poisoned.
You die...

+..........# +..........#
#..#....#..# #..........+
#..........+ ###''####''#
###)'####''#########
#..†)..##...))).....
#.#@##.##....)).....
#.#N='.##..######### #
')[#.##..# .#.}' ##..#
#++###########.+..#. #..#
........##..## ##+#.##..#
.#......##..# ##..#
........''..# #)(#
........''..##########)(#


You could see a nagaraja (catching breath).

Vanquished Creatures
  A bone dragon (D)
  A ghost moth (D)
  An emperor scorpion (D)
  A dire elephant (D)
  A white draconian (D)
  A deep elf death mage (D)
  An ettin (D)
  A merfolk impaler (D)
  Erica (D)
  An alligator (D)
  A death knight (D)
  An orc high priest (D)
  2 fire crabs (D)
  A shadow wraith (D)
  A spriggan druid (D)
  A flayed ghost (D)
  A lindwurm (D)
  Pikel (D)
  A deep elf pyromancer (D)
  An orc knight (D)
  A phantasmal warrior (D)
  A manticore (D)
  An orc sorcerer (D)
  An elephant (D)
  A merfolk siren (D)
  An orange demon (D)
  A kobold demonologist (D)
  A guardian mummy (D)
  A red devil (D)
  2 trolls (D)
  4 merfolk (D)
  A jumping spider (D)
  A meliai (shapeshifter) (D)
  5 blink frogs (D)
  A large abomination (D)
  Sigmund (D)
  A small abomination (D)
  A basilisk (D)
  A fire bat (D)
  2 vampire mosquitoes (D)
  2 water moccasins (D)
  A floating eye (D)
  An orc warrior (D)
  A sky beast (D)
  2 ice beasts (D)
  2 ogres (D)
  3 lemures (D)
  2 kobold brigands (D)
  2 hounds (D)
  An orc priest (D)
  A gnoll shaman (D)
  2 orc wizards (D)
  2 worker ants (D)
  A hell rat (D)
  A mummy (D)
  6 gnolls (D)
  A river rat (D)
  2 ufetubi (D)
  An adder skeleton (D)
  5 orcs (D)
  A bat skeleton (D)
  A goblin (D)
  7 kobolds (D)
  2 ball pythons (D)
  A frilled lizard (D)
  A quokka skeleton (D)
  A rat (D)
103 creatures vanquished.

Vanquished Creatures (collateral kills)
  A deep elf zephyrmancer (D)
  A black mamba (shapeshifter) (D)
  Maurice (D)
  A gargoyle (D)
  A troll (D)
  An ice devil (D)
  A steam dragon (D)
  A soldier ant (D)
  A crimson imp (D)
9 creatures vanquished.

Grand Total: 112 creatures vanquished

Notes
Turn   | Place    | Note
-------+----------+-------------------------------------------
     0 | D        | mhtbhm the Minotaur Fighter began the quest for the Orb.
     0 | D        | Reached XP level 1. HP: 19/19 MP: 0/0
    17 | D        | Found a bloodstained altar of Trog.
    17 | D        | Found a shimmering blue altar of Sif Muna.
    17 | D        | Found a viscous altar of Jiyva.
    17 | D        | Found a hazy altar of Hepliaklqana.
    17 | D        | Found an opulent altar of Gozag.
    18 | D        | Found a glowing golden altar of the Shining One.
    18 | D        | Found a glowing silver altar of Zin.
    18 | D        | Found a basalt altar of Yredelemnul.
    18 | D        | Found a shimmering altar of Xom.
    18 | D        | Found an ornate altar of the Wu Jian Council.
    18 | D        | Found a sacrificial altar of Ru.
    18 | D        | Found a stormy altar of Qazlal.
    18 | D        | Found an iron altar of Okawaru.
    18 | D        | Found a sparkling altar of Nemelex Xobeh.
    18 | D        | Found a burning altar of Makhleb.
    18 | D        | Found a blossoming altar of Fedhas.
    18 | D        | Found a white marble altar of Elyvilon.
    18 | D        | Found a shadowy altar of Dithmenos.
    18 | D        | Found a snail-covered altar of Cheibriados.
    20 | D        | Found a radiant altar of Vehumet.
    20 | D        | Found a corrupted altar of Lugonu.
    22 | D        | Became a worshipper of Trog the Wrathful
    57 | D        | Noticed a floating eye
    60 | D        | Paralysed by a floating eye for 4 turns
    65 | D        | Killed a floating eye
    66 | D        | Reached skill level 5 in Axes
    66 | D        | Reached XP level 2. HP: 31/31 MP: 1/1
    66 | D        | Reached XP level 3. HP: 38/38 MP: 2/2
    66 | D        | Reached XP level 4. HP: 45/45 MP: 3/3
    71 | D        | Reached * piety under Trog
    88 | D        | Noticed an ice beast
    92 | D        | Reached ** piety under Trog
    98 | D        | Reached XP level 5. HP: 52/52 MP: 4/4
   104 | D        | Killed an ice beast
   105 | D        | Reached skill level 6 in Axes
   105 | D        | Reached skill level 1 in Dodging
   212 | D        | Noticed a lemure
   212 | D        | Noticed a lemure
   212 | D        | Noticed a lemure
   212 | D        | Noticed a water moccasin
   212 | D        | Noticed Pikel
   212 | D        | Noticed a lemure
   216 | D        | Killed a lemure
   219 | D        | Killed a lemure
   223 | D        | Killed a lemure
   226 | D        | Reached *** piety under Trog
   227 | D        | Reached XP level 6. HP: 62/62 MP: 5/5
   228 | D        | Killed Pikel
   229 | D        | Reached skill level 10 in Fighting
   229 | D        | Reached skill level 9 in Axes
   229 | D        | Reached XP level 7. HP: 73/73 MP: 6/6
   231 | D        | Reached skill level 10 in Armour
   233 | D        | Reached skill level 10 in Axes
   235 | D        | Reached **** piety under Trog
   287 | D        | Noticed a fire bat
   290 | D        | Killed a fire bat
   291 | D        | Reached XP level 8. HP: 82/82 MP: 7/7
   319 | D        | Reached ***** piety under Trog
   512 | D        | Reached skill level 11 in Axes
   525 | D        | Received a gift from Trog
   532 | D        | Killed a shadow wraith
   533 | D        | Reached skill level 12 in Axes
   533 | D        | Reached skill level 5 in Dodging
   533 | D        | Reached XP level 9. HP: 90/90 MP: 8/8
   658 | D        | Found a hide-covered altar of Uskayaw.
   658 | D        | Found an ancient bone altar of Kikubaaqudgha.
   658 | D        | Found a broken altar of Ashenzari.
   685 | D        | Noticed a manticore
   695 | D        | Killed a manticore
   696 | D        | Reached skill level 13 in Axes
   756 | D        | Noticed a kobold demonologist
   756 | D        | Noticed an emperor scorpion
   756 | D        | Noticed an orange demon
   770 | D        | Killed an emperor scorpion
   771 | D        | Reached skill level 14 in Axes
   771 | D        | Reached skill level 1 in Stealth
   773 | D        | Noticed a red devil
   775 | D        | Killed a kobold demonologist
   775 | D        | Identified the +4 demon blade "Doddong" {flame, rC+} (Trog
                  | gifted it to you in the Dungeon)
   775 | D        | Received a gift from Trog
   776 | D        | Reached XP level 10. HP: 101/101 MP: 9/9
   777 | D        | Killed an orange demon
   889 | D        | Noticed an orc knight
   894 | D        | Reached ****** piety under Trog
   895 | D        | Received a gift from Trog
   908 | D        | Killed an orc knight
   909 | D        | Reached skill level 15 in Axes
  1042 | D        | Noticed a death knight
  1058 | D        | Killed a death knight
  1106 | D        | Noticed a fire crab
  1106 | D        | Noticed a white draconian
  1106 | D        | Noticed a lindwurm
  1118 | D        | Killed a fire crab
  1118 | D        | Received a gift from Trog
  1119 | D        | Reached skill level 16 in Axes
  1123 | D        | Killed a lindwurm
  1124 | D        | Reached skill level 15 in Shields
  1126 | D        | Killed a white draconian
  1368 | D        | Noticed Sigmund
  1368 | D        | Noticed Erica
  1372 | D        | Killed Sigmund
  1387 | D        | Killed Erica
  1388 | D        | Reached skill level 17 in Axes
  1388 | D        | Reached XP level 11. HP: 81/111 MP: 10/10
  1527 | D        | Noticed a boulder beetle
  1534 | D        | Received a gift from Trog
  1535 | D        | Reached skill level 15 in Fighting
  1563 | D        | Noticed an alligator
  1563 | D        | a boulder beetle changed into an alligator
  1567 | D        | Killed an alligator
  1841 | D        | Noticed a merfolk impaler
  1841 | D        | Noticed an orc high priest
  1853 | D        | Killed an orc high priest
  1855 | D        | Reached skill level 18 in Axes
  1859 | D        | Killed a merfolk impaler
  1859 | D        | Received a gift from Trog
  2011 | D        | Noticed Maurice
  2022 | D        | Noticed a deep elf zephyrmancer
  2027 | D        | Noticed an orb spider
  2028 | D        | Killed Maurice
  2028 | D        | Received a gift from Trog
  2029 | D        | Killed a deep elf zephyrmancer
  2032 | D        | an orb spider changed into a black mamba
  2313 | D        | Noticed an orc sorcerer
  2323 | D        | Received a gift from Trog
  2325 | D        | Killed an orc sorcerer
  2332 | D        | Received a gift from Trog
  2338 | D        | Reached skill level 1 in Unarmed Combat
  2390 | D        | Noticed a deep elf pyromancer
  2390 | D        | Noticed a flayed ghost
  2390 | D        | Noticed a spriggan druid
  2391 | D        | Noticed a phantasmal warrior
  2395 | D        | Killed a spriggan druid
  2396 | D        | Reached XP level 12. HP: 125/125 MP: 11/11
  2399 | D        | Reached skill level 19 in Axes
  2399 | D        | Reached skill level 1 in Evocations
  2400 | D        | Identified the +11 war axe "Arupn" {vorpal, +Inv +Fly Str-2
                  | Dex+6} (Trog gifted it to you in the Dungeon)
  2400 | D        | Received a gift from Trog
  2403 | D        | Reached skill level 15 in Armour
  2416 | D        | Killed a ghost moth
  2650 | D        | Noticed an ettin
  2650 | D        | Noticed a nagaraja
  2650 | D        | Noticed a dire elephant
  2650 | D        | Noticed a bone dragon
  2650 | D        | Noticed a deep elf death mage
  2654 | D        | Killed an ettin
  2660 | D        | Killed a dire elephant
  2660 | D        | Received a gift from Trog
  2669 | D        | Killed a deep elf death mage
  2671 | D        | Killed a bone dragon
  2672 | D        | Reached skill level 20 in Axes
  2697 | D        | Killed from afar by a nagaraja

Illustrated notes

Levels and vault maps discovered:
D:        pitsprint [storerooms_1, entrance_room_1, metal_vault_2, armoury_2,
          mini_pit_1, grid_room_1, main_hall_1, silver_pit, the_coven_3,
          the_vestibule_1, steel_vault_2, golden_pit, hallway_of_sentries,
          crystal_vault_2, iron_vault_4, final_vault]

Skill      XL: |  1  2  3  4  5  6  7  8  9 10 11 12 |
---------------+-------------------------------------+-----
Fighting       | 6 7 8 10 11 13 14 17 19 | 19.2
Armour         | 6 7 8 9 10 11 12 13 14 16 | 16.0
Shields        | 7 9 11 12 13 15 17 19 | 19.4
Axes           | 5 6 9 10 12 14 17 18 20 | 20.1
Dodging        | 1 2 3 5 6 7 8 |  8.2
Stealth        | 1 |  1.7
Unarmed Combat | 1 2 |  2.4
Evocations     | 1 |  1.1

Action                   |  1- 3 |  4- 6 |  7- 9 | 10-12 || total
-------------------------+-------+-------+-------+-------++-------
Melee: Hand axe          |     4 |    35 |    39 |       ||    78
       War axe           |     3 |       |    22 |   207 ||   232
       Headbutt          |     2 |     4 |    10 |    47 ||    63
       Unarmed           |       |       |       |     6 ||     6
Invok: Berserk           |       |     2 |     3 |     8 ||    13
       Brothers in Arms  |       |       |       |     2 ||     2
Evoke: Wand              |       |       |       |     1 ||     1
       Lightning rod     |       |       |       |     2 ||     2
  Use: Potion            |       |       |       |     6 ||     6
       Scroll            |       |       |       |     1 ||     1
Armor: Scale mail        |       |    17 |     9 |       ||    26
       Plate armour      |       |       |    12 |    70 ||    82
Dodge: Dodged            |       |     9 |    16 |    75 ||   100
Block: Kite shield       |     3 |    17 |    37 |   144 ||   201

Table legend: (Time is in decaauts)
 A = Elapsed time spent in this place.
 B = Non-inter-level travel time spent in this place.
 C = Inter-level travel time spent in this place.
 D = Time resting spent in this place.
 E = Time spent auto-exploring this place.
 F = Levels seen in this place.
 G = Mean time per level.
                   A        B        C        D        E       F      G
               +--------+--------+--------+--------+--------+-----+--------+
         Total |   2719 |   2719 |      0 |   1441 |    137 |   1 | 2719.0 |
       Dungeon |   2719 |   2719 |      0 |   1441 |    137 |   1 | 2719.0 |
               +--------+--------+--------+--------+--------+-----+--------+

Top non-repeatable levels by time:
       D: 2719 daAuts
